 Dungeon Crawl Stone Soup version 0.24.0-125-gc4c63601f3 (webtiles) character file.

Game seed: 3956766401182270502, levelgen mode: deterministic

5894 grulito the Geomancer (level 10, -3/52 HPs)
             Began as a Gargoyle Earth Elementalist on Mar 21, 2020.
             Slain by an orc warrior
             ... wielding a +0 dire flail
              (16 damage)
             ... on level 11 of the Dungeon on Mar 22, 2020.
             The game lasted 01:10:16 (6667 turns).

grulito the Geomancer (Gargoyle Earth Elementalist) Turns: 6667, Time: 01:10:17

Health: -3/52      AC: 12    Str: 13    XL:     10   Next: 82%
Magic:  22/22      EV: 13    Int: 18    God:
Gold:   217        SH:  0    Dex: 10    Spells: 24/25 levels left

rFire    x . .     SeeInvis .   a - +0 dagger
rCold    + . .     Gourm    .   (no shield)
rNeg     + . .     Faith    .   H - +2 robe
rPois    ∞         Spirit   .   (no helmet)
rElec    +         Reflect  .   (no cloak)
rCorr    .         Harm     .   i - +0 pair of gloves
MR       .....                  (no boots)
Stlth    +++.......             (no amulet)
HPRegen  0.17/turn              r - ring of stealth
MPRegen  0.18/turn              J - ring of ice

@: slowed, very slow
A: negative energy resistance 1, electricity resistance, unbreathing,
petrification resistance, rot immunity, AC +7
a: no special abilities


You were on level 11 of the Dungeon.
You were hungry.

You visited 1 branch of the dungeon, and saw 11 of its levels.

You collected 457 gold pieces.
You spent 240 gold pieces at shops.

Inventory:

Hand Weapons
 a - a +0 dagger (weapon)
 K - a +0 mace
 M - the +6 dagger "Goleqi" {pierce, rPois rN+, unknown}
   (You found it on level 9 of the Dungeon)

   It inflicts extra damage upon your enemies.
   It protects you from poison.
   It protects you from negative energy.
Missiles
 e - 29 poisoned darts (quivered)
 s - 3 atropa-tipped darts
Armour
 i - a +0 pair of gloves (worn)
 m - a +0 robe
 q - a +1 pair of boots
 H - a +2 robe (worn)
Jewellery
 h - a cursed ring of attention {unknown}
 r - a ring of stealth (left hand)
 F - a cursed -4 ring of strength {unknown}
 J - a ring of ice (right hand)
Wands
 f - a wand of polymorph (11)
 v - a wand of random effects (19)
 y - a wand of flame (4)
 G - a wand of paralysis (4)
Scrolls
 k - a scroll of fog
 l - 3 scrolls of random uselessness
 n - 5 scrolls of remove curse
 u - 4 scrolls of teleportation
 D - 3 scrolls of amnesia
 E - 2 scrolls of blinking {unknown}
 L - a scroll of magic mapping {unknown}
 N - 2 scrolls of enchant weapon {unknown}
 O - a scroll of identify
Potions
 g - 2 potions of brilliance
 j - 2 potions of might
 o - 3 potions of haste
 p - 3 potions of magic
 t - a potion of berserk rage {unknown}
 w - 2 potions of degeneration {unknown}
 x - 2 potions of ambrosia {unknown}
 z - 2 potions of flight {unknown}
 A - 2 potions of mutation {unknown}
 B - 2 potions of resistance
 C - 3 potions of curing
Miscellaneous
 I - a sack of spiders
Comestibles
 d - 10 rations


   Skills:
 + Level 1.6 Fighting
 + Level 0.4 Short Blades
 * Level 4.7 Dodging
 + Level 3.7 Stealth
 + Level 8.4 Spellcasting
   Level 0.7 Transmutations
 * Level 13.3 Earth Magic
 * Level 2.4 Evocations


You had 24 spell levels left.
You knew the following spells:

 Your Spells              Type           Power        Failure   Level  Hunger
a - Sandblast             Erth           ######       1%          1    None

Your spell library contained the following spells:

 Spells                   Type           Power        Failure   Level  Hunger
 Passwall                 Tmut/Erth      ####....     1%          2    None
 Stone Arrow              Conj/Erth      ####..       1%          3    None
 Lee's Rapid Deconstruct  Erth           ######....   1%          5    #####..
 Petrify                  Tmut/Erth      ####....     5%          4    ###....


Dungeon Overview and Level Annotations

Branches:
Dungeon (11/15)            Temple (0/1) D:4
   Lair: D:8-11         Orc: D:9-12

Altars:
Fedhas

Shops:
D:4 }

Annotations:
D:6 2 transporters, Nephtyrin's ghost, novice DsSk
D:7 1 runed translucent door, MegaHamster's ghost, novice DDFi
D:8 Maurice


Innate Abilities, Weirdness & Mutations

You are resistant to torment.
Your stone body is resilient. (AC +7)
You are immune to poison.
You resist negative energy. (rN+)
You are resistant to electric shocks. (rElec)
You can survive without breathing.
You are immune to petrification.
You are immune to rotting.


Message History

The orc warrior closely misses you.
Your surroundings suddenly seem different.
A porcupine comes into view.
A wyvern comes into view.
Found a scroll of identify.
The wyvern closely misses you. The wyvern bites you!
* * * LOW HITPOINT WARNING * * *
The wyvern misses you. The wyvern barely misses you.
The wyvern bites you but does no damage.
As you open the door, it creaks loudly!
You hear a shout!
The wyvern bites you.
* * * LOW HITPOINT WARNING * * *
The wyvern closely misses you.
Found 12 stones.
As you read the scroll of fear, it crumbles to dust.
You assume a fearsome visage.
The porcupine looks frightened!
The wyvern looks frightened!
There is an open door here.
You feel better.
The orc warrior hits you with a +0 dire flail!
You die...

#........... #......#######....'
#........... #.....oW..........#
#........... #......oo.........#
####+##########.#####...........#
......o#...#####.......#
.......#.......#.......#
.......#.......#.......#
......o#......l#........
....(..@.......#..<.....
.......#.......#........
.......#.......#...#####
....####.......#...# ...
#........###...# ..
#........#.....# .
#.....r..#.....# #........#.....#
#..?.....#.....#


You could see an orc warrior, a wyvern (fleeing), a porcupine (fleeing) and an
orc.

Vanquished Creatures
  Erolcha (D:10)
  A centaur zombie (D:11)
  A centaur skeleton (D:10)
  2 trolls
  Sigmund (D:5)
  A wyvern (D:10)
  Grum (D:8)
  A hungry ghost (D:9)
  A porcupine (D:11)
  An ice beast (D:5)
  3 black bears
  2 orc warriors
  3 sky beasts
  4 ogres
  3 wolves (D:8)
  3 centaurs
  5 bullfrogs
  A scorpion (D:4)
  3 killer bees (D:9)
  8 wights
  A howler monkey (D:4)
  A crimson imp (D:6)
  3 jellies
  4 orc priests
  10 orc wizards
  Jessica (D:3)
  2 iguanas
  5 worker ants
  Robin (D:4)
  16 adders
  2 shadow imps
  2 oozes
  An adder zombie (D:6)
  An adder skeleton (D:4)
  A worm (D:3)
  3 dart slugs
  30 orcs
  2 ball pythons (D:1)
  4 bats
  A giant cockroach (D:3)
  20 goblins
  7 hobgoblins
  16 jackals
  9 kobolds
  2 quokkas
  3 frilled lizards
  2 leopard gecko skeletons
  5 rats
201 creatures vanquished.

Vanquished Creatures (others)
  2 fungi (D:11)
2 creatures vanquished.

Grand Total: 203 creatures vanquished

Notes
Turn   | Place    | Note
-------+----------+-------------------------------------------
     0 | D:1      | grulito the Gargoyle Earth Elementalist began the quest for
                  | the Orb.
     0 | D:1      | Reached XP level 1. HP: 10/10 MP: 3/3
   106 | D:1      | Reached skill level 4 in Earth Magic
   106 | D:1      | Reached XP level 2. HP: 13/15 MP: 3/5
   344 | D:1      | Reached XP level 3. HP: 19/19 MP: 3/6
   632 | D:2      | Reached skill level 5 in Earth Magic
   632 | D:2      | Reached XP level 4. HP: 24/24 MP: 2/8
   959 | D:3      | Noticed Jessica
  2027 | D:3      | Reached XP level 5. HP: 24/28 MP: 8/10
  2116 | D:4      | Found Evecyzy's Gadget Boutique.
  2127 | D:4      | Noticed an ogre
  2202 | D:3      | Killed Jessica
  2291 | D:4      | Noticed Robin
  2429 | D:4      | Reached skill level 6 in Earth Magic
  2429 | D:4      | Reached XP level 6. HP: 33/33 MP: 6/11
  2824 | D:4      | Reached skill level 1 in Fighting
  2824 | D:4      | Reached XP level 7. HP: 38/38 MP: 10/13
  2861 | D:4      | Killed Robin
  3096 | D:4      | Found a staircase to the Ecumenical Temple.
  3102 | D:4      | You fall into a shaft and drop 2 floors!
  3164 | D:6      | Reached skill level 7 in Earth Magic
  3172 | D:6      | Noticed a hippogriff
  3227 | D:6      | Reached skill level 5 in Spellcasting
  3285 | D:6      | Found a transporter.
  3290 | D:6      | Noticed Nephtyrin's ghost (novice DsSk)
  3294 | D:6      | Found a transporter.
  3650 | D:6      | You fall into a shaft and drop 3 floors!
  3708 | D:8      | Reached skill level 8 in Earth Magic
  3708 | D:8      | Reached XP level 8. HP: 41/43 MP: 9/16
  3904 | D:7      | Noticed MegaHamster's ghost (novice DDFi)
  3924 | D:7      | Found a runed translucent door.
  4259 | D:5      | Entered Level 5 of the Dungeon
  4411 | D:5      | Noticed Sigmund
  4430 | D:5      | Killed Sigmund
  4430 | D:5      | Reached skill level 9 in Earth Magic
  4612 | D:5      | Reached XP level 9. HP: 31/47 MP: 14/18
  4731 | D:4      | Reached skill level 10 in Earth Magic
  4749 | D:4      | Bought a sack of spiders for 240 gold pieces
  4964 | D:8      | Noticed Grum
  4983 | D:8      | Killed Grum
  5017 | D:8      | Reached skill level 11 in Earth Magic
  5099 | D:8      | Noticed Maurice
  5277 | D:9      | Noticed a troll
  5301 | D:9      | Reached XP level 10. HP: 35/52 MP: 2/21
  5324 | D:9      | Reached skill level 12 in Earth Magic
  5429 | D:9      | Got an encrusted dagger
  5591 | D:10     | Entered Level 10 of the Dungeon
  5782 | D:10     | Noticed Erolcha
  6081 | D:10     | Found a blossoming altar of Fedhas.
  6122 | D:10     | Reached skill level 1 in Evocations
  6346 | D:11     | Noticed a gargoyle
  6348 | D:11     | Reached skill level 13 in Earth Magic
  6364 | D:10     | Killed Erolcha
  6664 | D:11     | HP: 2/52 [wyvern (5)]
  6667 | D:11     | Slain by an orc warrior

Levels and vault maps discovered:
D:1:      onia_arrival_handbag, layout_rooms
D:2:      layout_basic, corexii_item_surrounded_by_moat, kennysheep_doodads
D:3:      layout_basic, uniq_jessica
D:4:      layout_rooms, minmay_temple_entry_statues_pillars, first_ration,
          serial_shops, nicolae_shop_crystal, uniq_robin
D:5:      layout_loops_ring, old_standard_altar, uniq_sigmund
D:6:      layout_layer_cave, gammafunk_ghost_arena, uniq_eustachio
D:7:      layout_loops_corners, hellmonk_ghost_happy_afterlife,
          kennysheep_small_circle, uniq_harold, uniq_crazy_yiuf_cottage
D:8:      layout_loops_ring, grunt_pizzeria, uniq_grum, uniq_maurice
D:9:      layout_cave_pools
D:10:     layout_irregular_city, basic_altar, uniq_erolcha
D:11:     layout_irregular_city, grunt_lair_entry_orc_guard_hut,
          fungi_pond_lemuel

Skill      XL: |  1  2  3  4  5  6  7  8  9 10 |
---------------+-------------------------------+-----
Earth Magic    | 4 5 6 8 9 11 13 | 13.3
Spellcasting   | 3 4 5 6 7 8 |  8.4
Dodging        | 2 3 4 |  4.7
Stealth        | 3 |  3.7
Fighting       | 1 |  1.6
Evocations     | 2 |  2.4
Short Blades   | |  0.4
Transmutations | |  0.7

Action                   |  1- 3 |  4- 6 |  7- 9 | 10-12 || total
-------------------------+-------+-------+-------+-------++-------
Melee: Dagger            |       |    19 |     4 |     1 ||    24
 Cast: Sandblast         |    40 |    93 |   168 |    78 ||   379
Evoke: Wand              |       |       |     4 |     5 ||     9
  Use: Scroll            |       |     8 |     1 |     6 ||    15
       Potion            |       |     3 |     5 |     2 ||    10
  Eat: Ration            |       |     2 |     2 |     1 ||     5
Armor: Robe              |     2 |    25 |    33 |    15 ||    75
Dodge: Dodged            |    17 |    94 |    64 |    32 ||   207
